 Dungeon Crawl Stone Soup version 0.17.0-26-gececa24 (webtiles) character file.

9328 lucasterio the Fighter (level 11, -3/105 HPs)
             Began as a Minotaur Berserker on Nov 19, 2015.
             Was an Elder of Trog.
             Slain by a troll (5 damage)
             ... on level 10 of the Dungeon on Nov 20, 2015.
             The game lasted 00:49:39 (8656 turns).

lucasterio the Fighter (Minotaur Berserker)         Turns: 8656, Time: 00:49:39

Health: -3/105     AC: 18    Str: 29    XL:     11   Next: 21%
Magic:  0/10       EV:  9    Int:  4    God:    Trog [****..]
Gold:   688        SH:  0    Dex:  9    Spells: 0 memorised, 10 levels left

rFire  . . .     SeeInvis +     H - +0 halberd
rCold  . . .     Clarity  .     O - +0 plate armour
rNeg   + + .     SustAt   .     (shield currently unavailable)
rPois  .         Gourm    .     (helmet restricted)
rElec  .         Spirit   +     (no cloak)
rCorr  .         Warding  .     r - +0 pair of gloves of the Four Beggars {rN++ SInv}
rMut   .         Stasis   .     a - +0 pair of boots
MR     .....                    Z - amulet of guardian spirit
Stlth  ..........               R - ring of see invisible
                                s - +3 ring of strength

@: exhausted, slowed, very slow, not resistant to hostile enchantments,
extremely unstealthy
A: retaliatory headbutt, horns 2
a: Berserk, Trog's Hand, Brothers in Arms, Burn Spellbooks, Renounce Religion


You were on level 10 of the Dungeon.
You worshipped Trog.
Trog was greatly pleased with you.
You were not hungry.

You visited 1 branch of the dungeon, and saw 10 of its levels.
You also visited: Bailey.

You collected 688 gold pieces.

Inventory:

Hand Weapons
 e - a +2 spear of chaos
 f - a +4 spear
 n - a +2 spear of freezing
 y - a +0 shortbow
 C - a +0 spear of flaming
 D - a +0 trident
 H - a +0 halberd (weapon)
 K - a +2 demon blade of draining
Missiles
 F - 69 arrows
 Q - a throwing net (quivered)
Armour
 a - a +0 pair of boots (worn)
 r - the +0 pair of gloves of the Four Beggars (worn) {rN++ SInv}
   (You found it in a bailey)

   It greatly protects you from negative energy.
   It lets you see invisible.
 O - a +0 plate armour (worn)
Jewellery
 k - a +4 ring of dexterity
 s - a +3 ring of strength (left hand)
 u - a +1 ring of evasion
 R - a ring of see invisible (right hand)
 V - an uncursed ring of stealth {unknown}
 Z - an amulet of guardian spirit (around neck)
Wands
 A - a wand of slowing (12)
 L - a wand of paralysis (13)
 N - a wand of draining (7)
 T - a wand of fireball (6)
 X - a wand of disintegration (9)
Scrolls
 g - 2 scrolls of amnesia {unknown}
 h - 5 scrolls of teleportation
 i - 2 scrolls of noise {unknown}
 o - 2 scrolls of blinking {unknown}
 p - a scroll of summoning {unknown}
 v - 5 scrolls of remove curse
 w - a scroll of vulnerability {unknown}
 z - a scroll of recharging {unknown}
 B - 2 scrolls of fear {unknown}
 G - a scroll of enchant armour {unknown}
 M - 2 scrolls of fog {unknown}
 W - a scroll of enchant weapon {unknown}
 Y - a scroll of magic mapping {unknown}
Potions
 b - a potion of curing {unknown}
 d - a potion of lignification {unknown}
 j - 2 potions of degeneration {unknown}
 l - 2 potions of flight {unknown}
 m - a potion of resistance {unknown}
 t - a potion of might {unknown}
 x - a potion of brilliance {unknown}
 E - a potion of poison {unknown}
 P - a potion of haste {unknown}
Books
 I - a book of Frost

   Spells                             Type                      Level
   a - Freeze                         Ice                          1
   b - Throw Frost                    Conjuration/Ice              2
   c - Ozocubu's Armour               Charms/Ice                   3
   d - Throw Icicle                   Conjuration/Ice              4
   e - Summon Ice Beast               Ice/Summoning                4
   f - Condensation Shield            Ice                          4
   Trog disapproves of the use of such an item.
Comestibles
 c - 5 bread rations
 q - 2 slices of pizza
 J - 7 fruits
 S - 2 meat rations
 U - 4 chunks of flesh


   Skills:
 + Level 12.4 Fighting
 + Level 12.3 Polearms
 + Level 12.0 Armour
 - Level 2.5 Dodging


You had 10 spell levels left.
You didn't know any spells.

Dungeon Overview and Level Annotations

Branches:
Dungeon (10/15)            Temple (0/1) D:6             Orc (0/4) D:10
   Lair: D:8-11

Altars:
Dithmenos
Fedhas
Gozag
Kikubaaqudgha
Makhleb
Nemelex Xobeh
Qazlal
Sif Muna
Trog
Vehumet
Xom
Yredelemnul
Zin
The Shining One


Innate Abilities, Weirdness & Mutations

You reflexively headbutt those who attack you in melee.
You have a pair of horns on your head.


Message History

Your skin stops crawling.
You feel less resistant to hostile enchantments.
Drink which item? (? for menu, Esc to quit)
Okay, then.
You're too exhausted to go berserk.
Eat one of 5 chunks of flesh? (ye/n/q/i?) This raw flesh tastes terrible.
The troll bites you!
* * * LOW HITPOINT WARNING * * *
The troll claws you.
* * * LOW HITPOINT WARNING * * *
The troll claws you but does no damage.
You continue eating.
The troll misses you. You furiously retaliate!
You headbutt the troll.
The troll claws you but does no damage. x2
The troll closely misses you. The troll claws you.
* * * LOW HITPOINT WARNING * * *
The troll claws you but does no damage.
You continue eating.
The troll bites you.
You die...

...#### #....#......
.8....# ##....#......
......# #.....)......
....(.# #....%#
......###+###....#
.......##..##....#
.................#
.>...8..........T#
.......##..##...@#........
.......##..##....#........
......#.+...#....#........
......#.#..##...##........
......###..##...##........
.8....# #+###.............
...##### #.............
#รท###..##..
+...<.%.<..... ...'.......
#......#+##...


You could see a troll.

Vanquished Creatures
  A hill giant (D:10)
  Pikel (D:7)
  An unseen horror (D:5)
  2 orc knights (Bailey)
  A manticore (D:10)
  A two-headed ogre (D:9)
  10 yaks (D:10)
  A hill giant zombie (D:10)
  A hippogriff (D:9)
  4 orc warriors
  3 hungry ghosts
  2 ice beasts
  3 phantoms
  A water moccasin (D:9)
  8 ogres
  A centaur (D:5)
  A sky beast (D:9)
  3 giant frogs
  A gnoll sergeant (D:5)
  3 killer bees (D:9)
  3 scorpions
  4 crimson imps
  A hound (D:7)
  3 jellies
  7 orc wizards
  5 iguanas
  3 orc priests
  2 gnoll shamans (D:5)
  3 giant frog skeletons
  5 worker ants
  6 ogre zombies (D:10)
  A hound zombie (D:5)
  A hound skeleton (D:5)
  44 gnolls
  9 adders
  2 shadow imps
  An ooze (D:4)
  An adder zombie (D:5)
  3 adder skeletons
  2 worms
  40 orcs
  7 bats
  14 goblins
  4 hobgoblins
  18 jackals
  3 quokkas
  7 giant cockroaches
  6 giant geckos
  A giant gecko skeleton (D:4)
  3 giant newts
  2 goblin skeletons (D:10)
  2 goblin zombies (D:10)
  A hobgoblin skeleton (D:10)
  2 hobgoblin zombies (D:10)
  9 kobolds
  2 orc skeletons (D:10)
  11 orc zombies (D:10)
  A quokka skeleton (D:8)
  A quokka zombie (D:5)
  6 rats
295 creatures vanquished.

Vanquished Creatures (collateral kills)
  An orc knight (Bailey)
1 creature vanquished.

Vanquished Creatures (others)
  A hungry ghost (D:7)
  A slave (D:7)
  An ogre (D:7)
  A gnoll (D:7)
4 creatures vanquished.

Grand Total: 300 creatures vanquished

Notes
Turn   | Place    | Note
--------------------------------------------------------------
     0 | D:1      | lucasterio the Minotaur Berserker began the quest for the Orb.
     0 | D:1      | Reached XP level 1. HP: 19/19 MP: 0/0
   221 | D:1      | Reached XP level 2. HP: 22/27 MP: 1/1
   885 | D:2      | Reached ** piety under Trog
   904 | D:2      | Found a shadowy altar of Dithmenos.
   927 | D:2      | Reached skill level 4 in Fighting
   927 | D:2      | Reached XP level 3. HP: 31/33 MP: 2/2
  1029 | D:2      | Found a blossoming altar of Fedhas.
  1265 | D:2      | Reached XP level 4. HP: 40/40 MP: 3/3
  1836 | D:3      | Found a bloodstained altar of Trog.
  1994 | D:3      | Reached skill level 5 in Polearms
  1994 | D:3      | Reached XP level 5. HP: 36/47 MP: 4/4
  2165 | D:3      | Found a deep blue altar of Sif Muna.
  2179 | D:3      | Reached skill level 5 in Fighting
  2444 | D:4      | Reached XP level 6. HP: 43/56 MP: 5/5
  2448 | D:4      | Noticed an ogre
  2453 | D:4      | Killed an ogre
  2453 | D:4      | Reached skill level 5 in Armour
  2520 | D:4      | Noticed a phantom
  2534 | D:4      | Killed a phantom
  2534 | D:4      | Reached skill level 6 in Polearms
  2647 | D:4      | Reached XP level 7. HP: 63/63 MP: 6/6
  3185 | D:5      | Entered Level 5 of the Dungeon
  3204 | D:5      | Reached *** piety under Trog
  3292 | D:5      | Found a shadowy altar of Dithmenos.
  3306 | D:5      | Reached skill level 7 in Polearms
  3439 | D:5      | Reached XP level 8. HP: 71/73 MP: 7/7
  3746 | D:5      | Reached skill level 8 in Fighting
  3753 | D:5      | Reached **** piety under Trog
  4478 | D:5      | Killed an unseen horror
  4478 | D:5      | Reached skill level 9 in Fighting
  4478 | D:5      | Reached XP level 9. HP: 36/83 MP: 8/8
  5047 | D:6      | Found a radiant altar of Vehumet.
  5258 | D:6      | Found a staircase to the Ecumenical Temple.
  5329 | D:6      | Found an opulent altar of Gozag.
  5330 | D:6      | Found a sparkling altar of Nemelex Xobeh.
  5558 | D:7      | Noticed Pikel
  5567 | D:7      | Found a basalt altar of Yredelemnul.
  5586 | D:7      | Killed Pikel
  5586 | D:7      | Reached skill level 10 in Fighting
  5586 | D:7      | Reached skill level 10 in Polearms
  6076 | D:7      | Reached skill level 10 in Armour
  6261 | D:8      | Reached XP level 10. HP: 86/94 MP: 9/9
  6472 | D:8      | Found an ancient bone altar of Kikubaaqudgha.
  6475 | D:8      | Found a glowing golden altar of the Shining One.
  6478 | D:8      | Found a stormy altar of Qazlal.
  6791 | D:8      | Found a burning altar of Makhleb.
  6796 | D:8      | Found a glowing silver altar of Zin.
  6796 | D:8      | Noticed an angel
  6796 | D:8      | Noticed a green death
  6981 | D:9      | Found a flagged portal.
  6997 | Bailey   | Entered a bailey
  7261 | Bailey   | Noticed an orc knight
  7261 | Bailey   | Noticed an orc knight
  7287 | Bailey   | Killed an orc knight
  7298 | Bailey   | Killed an orc knight
  7298 | Bailey   | Reached skill level 11 in Fighting
  7555 | Bailey   | Noticed an orc knight
  7570 | Bailey   | Killed an orc knight
  7630 | Bailey   | Got a pair of distressingly furry gloves
  7642 | Bailey   | Identified the cursed +0 pair of gloves of the Four Beggars {rN++ SInv} (You found it in a bailey)
  8098 | D:9      | Found a shimmering altar of Xom.
  8429 | D:10     | Entered Level 10 of the Dungeon
  8516 | D:10     | Reached skill level 12 in Fighting
  8559 | D:10     | Found a staircase to the Orcish Mines.
  8584 | D:10     | Noticed a manticore
  8591 | D:10     | Killed a manticore
  8591 | D:10     | Reached XP level 11. HP: 70/104 MP: 8/10
  8614 | D:10     | Noticed a hill giant
  8639 | D:10     | Killed a hill giant
  8654 | D:10     | HP: 5/105 [troll (5)]
  8655 | D:10     | HP: 1/105 [troll (4)]
  8656 | D:10     | Slain by a troll

Action                   |  1- 3 |  4- 6 |  7- 9 | 10-12 || total
-------------------------+-------+-------+-------+-------++-------
Melee: Spear             |   104 |   116 |   461 |   210 ||   891
       Halberd           |       |       |       |   121 ||   121
Invok: Trog's Hand       |       |     3 |     7 |     3 ||    13
       Berserk           |       |     2 |     4 |     4 ||    10
       Brothers in Arms  |       |       |       |     1 ||     1
  Use: Scroll            |       |       |       |    11 ||    11
  Eat: Chunk             |     1 |     4 |    17 |    12 ||    34
       Royal jelly       |       |     1 |     1 |       ||     2
       Beef jerky        |       |       |     1 |     2 ||     3
